Description

blarkians

Build Order

Get SALT Encoding   

  14  0:12  Supply Depot  when to go
  15  0:26  Refinery  when to go
  16  0:42  Barracks  
  18  1:02  Barracks  when to go
  19  1:14  Refinery  when to go
  19  1:30  Orbital Command  when to go
  19  1:32  Barracks Tech Lab  
  19  1:40  Supply Depot  
  19  1:49  Barracks Reactor  
  20  1:55  Stimpack  
  20  2:05  Marine  
  22  2:14  Factory  
  23  2:24  Marine  
  24  2:28  Marine x2  
  27  2:42  Marine  
  27  2:37  Supply Depot  
  27  2:41  Marine  
  28  2:45  Marine x2  
  31  2:59  Marine  
  31  3:00  Starport  
  31  3:01  Factory Reactor  
  32  3:03  Marine  
  35  3:04  Supply Depot  
  35  3:17  Marine, Supply Depot  
  39  3:29  Marine x2  
  40  3:37  Medivac  
  40  3:46  Medivac x2  
  45  3:55  Marine x2  
Spawning Tool Build Advisor. Get it on Overwolf

Go to:

Details

  • Created by: Furian
  • Published on: Jul 13, 2021
  • Modified on: Jul 13, 2021
  • Patch: 4.11.0
  • Difficulty: Medium
Show
View Real Time Build Order
Export as new Build Order

Comments (0)

There are no comments. Be the first!

Create an account to comment!